 Dungeon Crawl Stone Soup version 0.31.0-11-ge490571c62 (webtiles) character file.

Game seed: 17013776027480112288

2166 Skeral the Martial Artist (level 9, -6/67 HPs)
             Began as an Octopode Shapeshifter on Jan 31, 2024.
             Was an Initiate of Gozag.
             Mangled by a yak (16 damage)
             ... on level 8 of the Dungeon.
             The game lasted 00:20:23 (7776 turns).

Skeral the Martial Artist (Octopode Shapeshifter)   Turns: 7776, Time: 00:20:23

Health: -6/67      AC:  1    Str: 13    XL:     9   Next: 32%
Magic:  9/9        EV: 13    Int: 20    God:    Gozag
Gold:   1124       SH:  6    Dex: 14    Spells: 8/8 levels left

rFire   . .          .
                       - Unarmed
rCold   + . .        l - +2 buckler
rNeg    . . .        (helmet currently unavailable)
rPois   .            A - amulet of the acrobat
rElec   .            I - +6 ring of intelligence
rCorr   .            c - ring of protection from cold
SInv    .            (no ring)
Will    .....        (no ring)
Stlth   +++          (no ring)
HPRegen 0.31/turn    (no ring)
MPRegen 0.11/turn    (no ring)
                     (no ring)

%: acrobat
@: beast-form, gold aura
A: beast (slay +1), almost no armour, amphibious, 8 rings, camouflage 1,
gelatinous body 1, (nimble swimmer 1), tentacles
a: Begin Untransformation, Renounce Religion, Potion Petition, Call Merchant,
Bribe Branch


You were on level 8 of the Dungeon.
You worshipped Gozag.
Gozag was most pleased with you.
You were a hulking beast.
You visited 2 branches of the dungeon, and saw 9 of its levels.

You collected 1288 gold pieces.
You spent 90 gold pieces at shops.
You paid 74 gold pieces to Gozag.


Innate Abilities, Weirdness & Mutations

You are a hulking beast.
Your limbs bulge with bestial killing power. (Slay +1)
You cannot wear most types of armour.
You are amphibious.
You can wear up to eight rings at the same time.
Your skin changes colour to match your surroundings (Stealth+).
Your rubbery body absorbs attacks. (AC +1, EV +1)
((You are camouflaged when in or above water. (Stealth+)))
You have tentacles for arms and can constrict up to eight enemies at once.


   Skills:
 + Level 8.4 Fighting
 + Level 2.3 Dodging
 - Level 2.0 Stealth
 - Level 1.0 Shields
 + Level 8.9 Unarmed Combat
 - Level 3.0 Shapeshifting


You had 8 spell levels left.
You didn't know any spells.
Your spell library contained the following spells:

 Spells                   Type           Power      Damage    Failure   Level
 Slow                     Hex            0%         N/A       26%         1
 Mercury Vapours          Alch/Air       0%         N/A       38%         2
 Confusing Touch          Hex            0%         N/A       63%         3
 Mephitic Cloud           Conj/Alch/Air  0%         N/A       63%         3
 Ozocubu's Armour         Ice            0%         N/A       63%         3
 Sigil of Binding         Hex            0%         N/A       63%         3
 Vampiric Draining        Necr           0%         2d6       63%         3
 Freezing Cloud           Conj/Ice/Air   0%         6-21      100%        5
 Metabolic Englaciation   Hex/Ice        0%         N/A       100%        5
 Sculpt Simulacrum        Ice/Alch       0%         N/A       100%        6

Inventory:

Missiles
 f - 19 poisoned darts
 n - 4 javelins
 u - 10 boomerangs
 y - 6 atropa-tipped darts
Armour
 i - a +1 hat
   (You found it on level 1 of the Dungeon)
 l - a +2 buckler (worn)
   (You found it on level 2 of the Dungeon)
Magical Staves
 C - a staff of cold {!a}
   (You found it on level 8 of the Dungeon)
Jewellery
 c - a ring of protection from cold (right tentacle)
   (You found it on level 7 of the Dungeon)
 w - an amulet of magic regeneration
   (You found it on level 2 of the Dungeon)
 A - an amulet of the acrobat (around mantle)
   (You found it on level 7 of the Dungeon)
 I - a +6 ring of intelligence (left tentacle)
   (You found it on level 4 of the Dungeon)
Talismans
 b - a beast talisman
 M - a flux talisman
Wands
 e - a wand of paralysis (3)
   (You found it on level 6 of the Dungeon)
 J - a wand of polymorph (12)
   (You took it off Ijyb on level 3 of the Dungeon)
Scrolls
 g - a scroll of torment {!r}
 m - a scroll of revelation {unknown}
 p - a scroll of fog {unknown}
 r - 2 scrolls of enchant weapon {unknown}
 v - 2 scrolls of fear {unknown}
 x - 2 scrolls of amnesia
 D - a scroll of teleportation {unknown}
 E - 3 scrolls of immolation {unknown}
 F - a scroll of poison {!r}
 K - a scroll of blinking {unknown}
Potions
 a - 2 potions of lignification {!q}
 h - 3 potions of cancellation
 j - a potion of berserk rage {!q}
 k - a potion of attraction {unknown}
 o - a potion of degeneration {unknown}
 q - a potion of enlightenment {unknown}
 s - a potion of heal wounds {unknown}
 t - a potion of invisibility {unknown}
 z - 2 potions of brilliance
 B - a potion of might {unknown}
 G - a potion of haste {@q3}
 H - a potion of resistance {unknown}
 L - a potion of curing {@q1}

Dungeon Overview and Level Annotations

Branches:
Dungeon (8/15) Zot: 26883  Temple (1/1) D:5 Zot: 5957
   Lair: D:8-11

Altars:
Ashenzari
Dithmenos
Fedhas
Gozag
Kikubaaqudgha
Nemelex Xobeh
Okawaru
Sif Muna
Trog
Uskayaw
Wu Jian
Yredelemnul
Zin
The Shining One

Shops:
D:7 [

Annotations:
Temple 2 transporters

##########
#.hYYY....
#.########
#.# #######.#
#.......#
#.####### #.#
####'###
#.####......#


You could see 3 yaks.


Message History

You constrict the bullfrog. The bullfrog hits you! 😕 HP[-7]
You take 7 damage, and now have 55/66 hp.
You bludgeon the bullfrog!
You kill the bullfrog!
You now have 1080 gold pieces (gained 6). 😕 HP[+1]
There is a stone staircase leading up here.
Found a stone staircase leading down. 😎 HP[+10]
Your hp is fully restored (66).
You see here 4 stones.
There is a stone staircase leading down here.
M - a scroll of identify {@r1}
As you read the scroll of identify {@r1}, it crumbles to dust.
x - 2 scrolls of amnesia
Found Uqumn's Armour Shop.
There is an entrance to Uqumn's Armour Shop here.
Found a stone staircase leading up.
You see here a +0 scale mail.
c - a ring of protection from cold;
M - a flux talisman
c - a ring of protection from cold (right tentacle)
You drop a ring of ice.
You see here a +0 dagger.
You open the door.
There is an open door here.
Done exploring.
Okay, then.
Search for what [? for help]? talis
There is an open door here.
There is a stone staircase leading down here.
You climb downwards.
There is a stone staircase leading up here.
You open the door.
There is an open door here.
You now have 1096 gold pieces (gained 16).
You now have 1111 gold pieces (gained 15).
You open the door.
There is an open door here.
You open the door.
There is an open door here.
You now have 1124 gold pieces (gained 13).
You open the door. You open the door.
There is an open door here.
C - a staff of cold {!a} 3 yaks come into view.
Found a stone staircase leading down.
The yak bellows!
A yak comes into view.
The yak bellows!
You tentacle-slap the yak but do no damage.
You tentacle-slap the yak. The yak misses you.
You bludgeon the yak! The yak gores you! 😕 HP[-10]
You take 10 damage, and now have 56/66 hp.
You bludgeon the yak! 😕 HP[+1]
You tentacle-slap the yak. You squeeze the yak. You bludgeon the yak!
The yak gores you! 😮 HP[-14]
You take 14 damage, and now have 43/66 hp.
MASSIVE DAMAGE!! (PAUSE)
You bludgeon the yak! You tentacle-slap the yak. You squeeze the yak!
You block the yak's attack. 😮 HP[+1]
You tentacle-slap the yak. You squeeze the yak.
You kill the yak! 😮 HP[+1]
You now have 67 max hp (+1).
You barely miss the yak. The yak gores you!
* * * LOW HITPOINT WARNING * * *
😨 HP[-15]
You take 15 damage, and now have 30/67 hp.
MASSIVE DAMAGE!! (PAUSE)
Aiming: Paralyse
Press: ? - help, Shift-Dir - straight line, f - yak
Aim: a yak (heavily wounded, chance to affect: 49%)
The yak resists with some effort.
The yak gores you!
* * * LOW HITPOINT WARNING * * *
😱 HP[-16]
You take 16 damage, and now have 14/67 hp.
MASSIVE DAMAGE!! (PAUSE)
Okay, then.
Throw: throwing net {=f!f}
Press: ? - help, Q - select action, (/) - cycle Shift-Dir - straight line, f/p - yak
Aim: a yak (heavily wounded, 73% to hit)
You throw a throwing net {=f!f}.
The throwing net {=f!f} barely misses the yak.
The throwing net {=f!f} barely misses the yak.
The throwing net {=f!f} hits the yak.
The yak is caught in the net!
The yak gores you!
* * * LOW HITPOINT WARNING * * *
The yak struggles against the net. 😱 HP[-10]
You take 10 damage, and now have 4/67 hp.
You feel better. The yak gores you!
You die...
Your body crumbles into a pile of gold.

Skill      XL: |  1  2  3  4  5  6  7  8  9 |
---------------+----------------------------+-----
Fighting       | 2 4 6 7 8 |  8.4
Stealth        | 1 2 |  2.0
Shields        | 1 |  1.0
Unarmed Combat | 4 5 6 8 |  8.9
Dodging        | |  2.3
Shapeshifting  | |  3.0

Action                     |  1- 3 |  4- 6 |  7- 9 || total
---------------------------+-------+-------+-------++-------
  Melee: Unarmed           |    47 |   111 |   186 ||   344
         Tentacles         |    10 |    22 |    52 ||    84
         Constrict         |    12 |    30 |    49 ||    91
         Punch             |     4 |     2 |    12 ||    18
  Throw: Dart              |       |     8 |     8 ||    16
         Throwing net      |       |       |     1 ||     1
  Evoke: Wand              |       |       |     1 ||     1
    Use: Potion            |       |     1 |     4 ||     5
         Scroll            |       |       |     9 ||     9
   Stab: Sleeping          |     7 |     9 |     3 ||    19
         Distracted        |       |     1 |     1 ||     2
 Armour: Skin              |    17 |    39 |    87 ||   143
  Dodge: Dodged            |    23 |    45 |    49 ||   117
  Block: Buckler           |     4 |    24 |    42 ||    70

Levels and vault maps discovered:
D:1:      wheals_arrival_linesprint, layout_basic, minmay_heptomino_o4
D:2:      layout_basic, minmay_misc_feat_roman, uniq_sigmund
D:3:      layout_loops_cross, yredelemnul_altar_generic, uniq_ijyb, uniq_grinder
D:4:      layout_layer_cave, okawaru_metal_pillars_3, kennysheep_generic_room_7
D:5:      layout_rooms, minmay_temple_entry_junction, nicolae_half_adder,
          uniq_crazy_yiuf_cottage
D:6:      layout_rooms, nicolae_elyvilon_temple_path, nicolae_hexahallways
D:7:      layout_basic, zin_purify, serial_shops, nicolae_shop_gibbet_a_chance,
          serial_aquarium, aquarium_bridge_long_separate
          [aquarium_subvault_bridge, aquarium_subvault_window,
          aquarium_subvault_bridge, aquarium_subvault_wall,
          aquarium_subvault_bridge, aquarium_subvault_wall], aquarium_window_1,
          aquarium_window_2, aquarium_window_fake, aquarium_window_fake,
          aquarium_view_2c, minmay_shop_damaged
D:8:      layout_basic, doesnt_xom_only_xom, mainiacjoe_overflow_brackets,
          lemuel_crystal_altar, slow_altar_1, lair_entry_dummy, serial_shops,
          shop, uniq_maggie, uniq_gastronok
Temple:   hellmonk_temple_divided_pantheon

Notes
Turn   | Place    | Note
-------+----------+-------------------------------------------
     0 | D:1      | Skeral the Octopode Shapeshifter began the quest for the
                  | Orb.
     0 | D:1      | Reached XP level 1. HP: 13/13 MP: 1/1
     0 | D:1      | magus.rc [v1.10.3]
   129 | D:1      | Reached XP level 2. HP: 12/18 MP: 2/2
  1023 | D:2      | Reached skill level 2 in Fighting
  1023 | D:2      | Reached XP level 3. HP: 21/24 MP: 3/3
  1044 | D:2      | Noticed Sigmund
  1251 | D:2      | Reached skill level 1 in Stealth
  1251 | D:2      | Reached XP level 4. HP: 30/30 MP: 4/4
  1461 | D:2      | Reached skill level 1 in Shields
  1633 | D:3      | Found a basalt altar of Yredelemnul.
  1741 | D:3      | Reached skill level 4 in Unarmed Combat
  1745 | D:3      | Reached skill level 2 in Stealth
  1868 | D:3      | Noticed Ijyb
  1980 | D:3      | Noticed Grinder
  1986 | D:3      | Paralysed by Grinder for 4 turns
  1994 | D:3      | HP: 1/30 [Grinder/nerve-wracking pain (12)]
  2000 | D:3      | HP: 1/30 [kobold/+0 whip (1)]
  2163 | D:2      | Reached XP level 5. HP: 36/36 MP: 5/5
  2386 | D:3      | You pick up a book of Winter and begin reading...
  2386 | D:3      | You add the spells Ozocubu's Armour, Metabolic Englaciation
                  | and Sculpt Simulacrum to your library.
  2402 | D:3      | Reached skill level 3 in Fighting
  2601 | D:3      | You pick up a book of Debilitation and begin reading...
  2601 | D:3      | You add the spells Slow, Sigil of Binding, Vampiric
                  | Draining and Confusing Touch to your library.
  3470 | D:4      | Noticed an ogre
  3518 | D:4      | Noticed a phantom
  3534 | D:4      | Killed an ogre
  3535 | D:4      | Reached skill level 4 in Fighting
  3535 | D:4      | Reached XP level 6. HP: 18/43 MP: 6/6
  3539 | D:4      | HP: 9/43 [phantom (5)]
  3543 | D:4      | Reached skill level 5 in Unarmed Combat
  3726 | D:4      | Found an iron altar of Okawaru.
  3820 | D:5      | Entered Level 5 of the Dungeon
  3941 | D:5      | Reached XP level 7. HP: 42/49 MP: 7/7
  4069 | D:5      | Reached skill level 5 in Fighting
  4182 | D:5      | Reached skill level 6 in Unarmed Combat
  4236 | D:5      | You pick up a book of Vapours and begin reading...
  4236 | D:5      | You add the spells Mercury Vapours, Mephitic Cloud and
                  | Freezing Cloud to your library.
  4305 | D:5      | Found a staircase to the Ecumenical Temple.
  4317 | Temple   | Found a transporter.
  4317 | Temple   | Found a transporter.
  4317 | Temple   | Found a transporter.
  4317 | Temple   | Found a transporter.
  4317 | Temple   | Entered the Ecumenical Temple
  4340 | Temple   | Became a worshipper of Gozag Ym Sagoz the Greedy
  4651 | D:6      | Identified a scroll of acquirement
  4653 | D:6      | Acquired 508 gold pieces
  4876 | D:6      | Reached skill level 6 in Fighting
  4876 | D:6      | Reached XP level 8. HP: 51/57 MP: 8/8
  4963 | D:6      | HP: 3/57 [orc warrior/+0 battleaxe (21)]
  4966 | D:6      | Reached skill level 7 in Unarmed Combat
  4968 | D:6      | HP: 13/58 [something (1)]
  4975 | D:6      | HP: 12/87 [something/puff of flame (9)]
  5940 | D:3      | Reached skill level 7 in Fighting
  6094 | D:3      | Killed Grinder
  6095 | D:3      | Reached skill level 8 in Unarmed Combat
  6207 | D:3      | Killed Ijyb
  6249 | D:2      | Killed Sigmund
  6250 | D:2      | Reached XP level 9. HP: 52/66 MP: 9/9
  6552 | D:7      | Found Zin's Purification Station.
  6584 | D:7      | Found a glowing silver altar of Zin.
  6589 | D:7      | Bought a potion of curing for 90 gold pieces
  6727 | D:7      | Reached skill level 8 in Fighting
  7166 | D:7      | Found Jumuhod's Lightly-Used Armoury.
  7366 | D:7      | Found Uqumn's Armour Shop.
  7774 | D:8      | HP: 14/67 [yak (16)]
  7775 | D:8      | HP: 4/67 [yak (10)]
  7776 | D:8      | Mangled by a yak

Vanquished Creatures
  Grinder (D:3)
  Sigmund (D:2)
  A yak (D:8)
  An orc warrior (D:6)
  An ice beast (D:6)
  An ogre (D:4)
  2 centaurs
  A phantom (D:4)
  2 bullfrogs
  A scorpion (D:5)
  2 bombardier beetles (D:6)
  2 jellies
  A gnoll bouda (D:7)
  4 hounds
  3 orc priests
  A sleepcap (D:6)
  3 iguanas
  Ijyb (D:3)
  5 orc wizards
  3 gnolls (D:7)
  14 adders
  2 shadow imps
  2 ufetubi (D:6)
  3 ribbon worms
  2 dart slugs (D:3)
  38 orcs
  5 bats
  4 endoplasms
  2 giant cockroaches
  12 goblins
  10 hobgoblins
  3 jackals (D:2)
  A quokka (D:2)
  10 ball pythons
  3 frilled lizards (D:3)
  6 kobolds
  4 rats
158 creatures vanquished.

Table legend:
 A = Non-vault XP
 B = Vault XP
 C = Vault XP percentage of total XP
 D = Non-vault monster count
 E = Vault monster count
 F = Vault count percentage of total count
                 A         B        C        D         E       F
            +---------+---------+-------+---------+---------+-------
      Total |    2444 |     651 |  21.0 |     142 |      16 |  10.1
            +---------+---------+-------+---------+---------+-------
        D:1 |      14 |      10 |  41.7 |       9 |       6 |  40.0
        D:2 |      88 |     239 |  73.1 |      23 |       1 |   4.2
        D:3 |     138 |     321 |  69.9 |      32 |       2 |   5.9
        D:4 |     340 |      16 |   4.5 |      19 |       2 |   9.5
        D:5 |     393 |      65 |  14.2 |      19 |       5 |  20.8
        D:6 |     813 |       0 |   0.0 |      22 |       0 |   0.0
        D:7 |     445 |       0 |   0.0 |      17 |       0 |   0.0
        D:8 |     213 |       0 |   0.0 |       1 |       0 |   0.0
            +---------+---------+-------+---------+---------+-------

Skill      XL: |  1  2  3  4  5  6  7  8  9 |
---------------+----------------------------+-----
Fighting       | 2 4 6 7 8 |  8.4
Stealth        | 1 2 |  2.0
Shields        | 1 |  1.0
Unarmed Combat | 4 5 6 8 |  8.9
Dodging        | |  2.3
Shapeshifting  | |  3.0

Action                     |  1- 3 |  4- 6 |  7- 9 || total
---------------------------+-------+-------+-------++-------
  Melee: Unarmed           |    47 |   111 |   186 ||   344
         Tentacles         |    10 |    22 |    52 ||    84
         Constrict         |    12 |    30 |    49 ||    91
         Punch             |     4 |     2 |    12 ||    18
  Throw: Dart              |       |     8 |     8 ||    16
         Throwing net      |       |       |     1 ||     1
  Evoke: Wand              |       |       |     1 ||     1
    Use: Potion            |       |     1 |     4 ||     5
         Scroll            |       |       |     9 ||     9
   Stab: Sleeping          |     7 |     9 |     3 ||    19
         Distracted        |       |     1 |     1 ||     2
 Armour: Skin              |    17 |    39 |    87 ||   143
  Dodge: Dodged            |    23 |    45 |    49 ||   117
  Block: Buckler           |     4 |    24 |    42 ||    70

Illustrated notes

Table legend:
 A = Kills in this place as a percentage of kills in the entire game.
 B = Kills by you in this place as a percentage of kills by you in the entire game.
 C = Kills by friends in this place as a percentage of kills by friends in the entire game.
 D = Other kills in this place as a percentage of other kills in the entire game.
 E = Experience gained in this place as a percentage of experience gained in the entire game.
 F = Experience gained in this place divided by the number of levels of this place that you have seen.
                   A       B       C       D       E      F
               +-------+-------+-------+-------+-------+----------------------
         Total | 100.0 | 100.0 |   N/A |   N/A | 100.0 | 343.9
       Dungeon | 100.0 | 100.0 |   N/A |   N/A | 100.0 | 386.9
               +-------+-------+-------+-------+-------+----------------------

Table legend: (Time is in decaauts)
 A = Elapsed time spent in this place.
 B = Non-inter-level travel time spent in this place.
 C = Inter-level travel time spent in this place.
 D = Time resting spent in this place.
 E = Time spent auto-exploring this place.
 F = Levels seen in this place.
 G = Mean time per level.
                   A        B        C        D        E       F      G
               +--------+--------+--------+--------+--------+-----+--------+
         Total |   7768 |   6980 |    788 |    962 |   3626 |   9 |  863.1 |
       Dungeon |   7726 |   6945 |    781 |    962 |   3626 |   8 |  965.8 |
        Temple |     42 |     35 |      7 |      0 |      0 |   1 |   42.0 |
               +--------+--------+--------+--------+--------+-----+--------+

Top non-repeatable levels by time:
     D:4: 1215 daAuts
     D:2: 1190 daAuts
     D:6: 1163 daAuts
     D:7: 1154 daAuts
     D:1: 1046 daAuts
     D:3: 1037 daAuts
     D:5: 802 daAuts
     D:8: 115 daAuts
  Temple: 42 daAuts
